 Dungeon Crawl Stone Soup version 0.16.2-12-gd0ad4c3 (webtiles) character file.

23 SlimeFever the Stinger (level 3, -3/28 HPs)
             Began as a Naga Venom Mage on Oct 2, 2015.
             Slain by an adder (4 damage)
             ... on level 2 of the Dungeon.
             The game lasted 00:08:59 (943 turns).

SlimeFever the Stinger (Naga Venom Mage)             Turns: 943, Time: 00:08:59

Health: -3/28      AC:  2    Str: 10    XL:     3   Next: 0%
Magic:  3/6        EV: 10    Int: 16    God:
Gold:   63         SH:  0    Dex: 11    Spells: 1 memorised, 5 levels left

rFire  . . .     SeeInvis +     f - +0 flail
rCold  . . .     Clarity  .     a - +0 robe
rNeg   . . .     SustAb   .     (no shield)
rPois  +         Gourm    .     (no helmet)
rElec  .         Spirit   .     (no cloak)
rCorr  .         Warding  .     (no gloves)
rMut   .         Stasis   .     (no barding)
MR     .....                    (no amulet)
Stlth  ++........               (no ring)
                                (no ring)

@: short of breath, very slightly contaminated, very slow, not resistant to
hostile enchantments, unstealthy
A: spit poison, see invisible, deformed body, poison resistance, slowness 2, AC
+1
a: Spit Poison


You were on level 2 of the Dungeon.
You were very hungry.

You visited 1 branch of the dungeon, and saw 2 of its levels.

You collected 63 gold pieces.

Inventory:

Hand weapons
 f - a +0 flail (weapon)
 g - a +0 club
Missiles
 e - 7 bolts
Armour
 a - a +0 robe (worn)
Scrolls
 l - a scroll of identify
Potions
 d - a potion of flight
 h - a potion of heal wounds {unknown}
 i - a potion of invisibility {unknown}
Books
 b - a Young Poisoner's Handbook

   Spells                             Type                      Level
   a - Sting                          Conjuration/Poison           1
   b - Cure Poison                    Poison                       2
   c - Mephitic Cloud                 Conjuration/Poison/Air       3
   d - Olgreb's Toxic Radiance        Poison                       4
   e - Venom Bolt                     Conjuration/Poison           5
Comestibles
 c - 2 bread rations
 j - a beef jerky


   Skills:
 + Level 1.7 Dodging
 + Level 3.3 Stealth
 + Level 2.1 Spellcasting
 + Level 0.2 Conjurations
 + Level 6.0 Poison Magic


You had 5 spell levels left.
You knew the following spells:

 Your Spells              Type           Power        Failure   Level  Hunger
a - Sting                 Conj/Pois      ##..         8%          1    #......


Dungeon Overview and Level Annotations

Branches:
Dungeon (2/15)

Altars:
Ashenzari
Elyvilon
Nemelex Xobeh


Innate Abilities, Weirdness & Mutations

You cannot wear boots.
You can spit poison.
Your serpentine skin is tough (AC +1).
You have supernaturally acute eyesight.
Armour fits poorly on your strangely shaped body.
Your system is resistant to poisons.
You cover ground very slowly.


Message History

The adder bites you but does no damage. The adder bites you.
You completely miss the adder.
The adder is moderately wounded.
The adder bites you.
* * * LOW HITPOINT WARNING * * *
The adder bites you.
* * * LOW HITPOINT WARNING * * *
You barely miss the adder.
The adder is moderately wounded.
The adder barely misses you. x2
You closely miss the adder.
The adder is moderately wounded.
The adder bites you.
* * * LOW HITPOINT WARNING * * *
Use which ability? (? or * to list)
Press: ? - help, Shift-Dir - straight line, f/p - adder
Aim: an adder (moderately wounded)
The splash of poison misses the adder.
You feel slightly more hungry. The adder bites you.
You die...

. # # ..
(.############ # .
#.#### ..............
#. .....
#....####.############
...._.... #.......# #
......#..#.......# #
......#..#...S...+ #
.... #..##...@..#
####.####.......####
................#
................##
......###........#
...#.............#
...#.............#
...#.............#
...#.......##...##


You could see an adder.

Vanquished Creatures
  3 bats (D:1)
  3 hobgoblins (D:1)
  7 kobolds
  A ball python (D:1)
  A giant cockroach (D:1)
  2 giant newts (D:1)
  3 goblins
  A rat (D:1)
21 creatures vanquished.

Notes
Turn   | Place    | Note
--------------------------------------------------------------
     0 | D:1      | SlimeFever, the Naga Venom Mage, began the quest for the Orb.
     0 | D:1      | Reached XP level 1. HP: 15/15 MP: 3/3
     3 | D:1      | Found a shattered altar of Ashenzari.
   279 | D:1      | Reached XP level 2. HP: 13/22 MP: 0/4
   558 | D:1      | Found a sparkling altar of Nemelex Xobeh.
   892 | D:2      | Reached skill level 6 in Poison Magic
   901 | D:2      | Reached XP level 3. HP: 17/28 MP: 1/6
   911 | D:2      | Found a white marble altar of Elyvilon.
   942 | D:2      | HP: 1/28 [adder (2)]
   943 | D:2      | Slain by an adder

Action                   || total
-------------------------++-------
Melee: Club              ||    12
       Unarmed           ||     3
       Flail             ||    13
 Cast: Sting             ||    29
 Abil: Spit Poison       ||     7
  Use: Scroll            ||     2
       Potion            ||     1
 Stab: Sleeping          ||     1
